Unix NetHack Version 5.0.0-0 post-release - last build May 10 2026 23:12:36 (d1fa5d53e341ca933230fdaa984d921c805b60aa,branch:main).

Game began 2026-05-14 10:55:52, ended 2026-05-14 14:17:15.

GdeVolpiano, lawful female dwarven Cavewoman

                                ------ --------
                                |....---...>|<|
                                |.....@....-|^|
                                |....q|00..||.|
                                |.....|....||.|
                                |----.------|.|
                                |......|    |.|
                                |....0.------^|
                                |.......%.....|
                                |......-----..|
                                --------   ----

GdeVolpiano the Wanderer  St:18/01 Dx:15 Co:17 In:8 Wi:12 Ch:7  Lawful
Dlvl:6  $:451 HP:0(59) Pw:25(25) AC:-7 Xp:7 T:6415 

Latest messages:
 Perhaps that's why you cannot move it.
 You miss the mumak.
 The mumak misses!
 The mumak bites!
 You miss the mumak.
 You hit the mumak!
 A cave spider suddenly appears close by!
 A cave spider suddenly appears close by!
 You miss the mumak.
 The mumak misses!
 The mumak bites!
 You miss the mumak.
 You miss the mumak.
 The mumak misses!
 The mumak bites!
 You miss the mumak.
 The mumak butts!
 The mumak bites!
 The cave spider bites!
 You kill the cave spider!
 You miss the cave spider.
 The cave spider misses!
 You miss the cave spider.
 The cave spider bites!
 You kill the cave spider!
 f - a scroll called confuse monster.
 The cave spider misses!
 You kill the cave spider!
 With great effort you move the boulder.
 What do you want to throw? [$X or ?*]
 In what direction?
 The thonged club returns to your hand!
 What do you want to throw? [$X or ?*]
 In what direction?
 The thonged club returns to your hand!
 What do you want to throw? [$X or ?*]
 In what direction?
 The thonged club misses the mumak.
 The thonged club returns to your hand!
 What do you want to throw? [$X or ?*]
 In what direction?
 The thonged club hits the mumak!
 The thonged club returns to your hand!
 What do you want to throw? [$X or ?*]
 In what direction?
 The thonged club misses the mumak.
 The thonged club returns to your hand!
 The mumak butts!
 You die...
 Do you want your possessions identified? [ynq] (y)

Inventory:
 Coins    ('$')
  $ - 451 gold pieces
 Weapons  (')')
  X - a +0 aklys (tethered to right hand)
 Armor    ('[')
  R - an uncursed +0 dwarvish iron helm (being worn)
  S - an uncursed +0 pair of iron shoes (being worn)
  B - an uncursed +0 shield of shock resistance (being worn)
  K - an uncursed +0 leather cloak (being worn)
  s - a blessed greased rotproof +2 gray dragon scale mail (being worn)
 Comestibles  ('%')
  Y - an uncursed candy bar labeled "Om-nom"
  W - an uncursed cream pie
  a - 2 uncursed eucalyptus leaves
  m - an uncursed food ration
  C - an uncursed lembas wafer
  Z - an uncursed tin of soup made from little dog meat
 Scrolls  ('?')
  f - an uncursed scroll of confuse monster
  c - an uncursed scroll of earth
  e - a cursed scroll of earth
 Rings    ('=')
  V - an uncursed ring of searching (on right hand)
 Wands    ('/')
  d - a wand of fire (0:6)
  b - a wand of light (0:11)
  Q - a wand of slow monster (0:3)
 Tools    ('(')
  k - an uncursed lock pick
  q - a +0 pick-axe
 Gems/Stones  ('*')
  p - an uncursed luckstone

GdeVolpiano the Cavewoman's attributes:

Background:
 You were a Wanderer, a level 7 dwarven Cavewoman.
 You were lawful, on a mission for Anu
 who was opposed by Ishtar (neutral) and Anshar (chaotic).
 You were right-handed.
 You were in Sokoban, on level 6.
 You entered the dungeon 6415 turns ago.
 You had 836 experience points, 444 more were needed to attain level 8.

Basics:
 You had 0 out of 59 hit points.
 You had all 25 energy points (spell power).
 Your armor class was -7.
 Your wallet contained 451 zorkmids.
 Autopickup was on for '$?!/="+' plus thrown, with exceptions.

Final Characteristics:
 Your strength was 18/01 (limit:18/100).
 Your dexterity was 15 (limit:20).
 Your constitution was 17 (limit:20).
 Your intelligence was 8 (limit:16).
 Your wisdom was 12 (peak:14, limit:16).
 Your charisma was 7 (limit:16).

Final Status:
 You weren't hungry.
 You were unencumbered.
 You were wielding a club.
 You were skilled in club.

Final Attributes:
 You were piously aligned.
 You were magic-protected.
 You were fire resistant.
 You were shock resistant.
 Your items were protected from electric shocks.
 You were telepathic.
 You had automatic searching.
 You had infravision.
 You were warded.
 You were fast.
 You were unlucky.
 You had extra luck.
 Bad luck did not time out for you.
 Good luck did not time out for you.
 Anu was angry with you.
 You are dead.

Miscellaneous:
 You didn't encounter any bones levels.
 Total elapsed playing time was 1 hour, 4 minutes and 17 seconds.

Major events:
 Turn
    1: GdeVolpiano the lawful dwarven Cavewoman entered the dungeon
  908: entered the Gnomish Mines
 1134: attained the rank of Aborigine (level 3)
 2078: reached Mine Town
 3385: attained the rank of Wanderer (level 6)
 4721: made her first wish - "blessed +2 greased erodeproof gray dragon scale mail", got "a greased gray dragon scale mail"
 5517: entered Sokoban
 6415: killed by a mumak

Spells:
 Name                 Level Category     Fail Retention
 detect monsters        1   divination   100%  76%-100%

Skills:
 Fighting Skills
   bare handed combat [Basic]
 Weapon Skills
   dagger             [Unskilled]
   knife              [Unskilled]
   axe                [Unskilled]
   pick-axe           [Unskilled]
   club               [Skilled]
   mace               [Unskilled]
   morning star       [Unskilled]
   flail              [Unskilled]
   hammer             [Unskilled]
   quarterstaff       [Unskilled]
   polearms           [Unskilled]
   spear              [Unskilled]
   trident            [Unskilled]
   bow                [Unskilled]
   sling              [Basic]
   boomerang          [Unskilled]
   unicorn horn       [Unskilled]
 Spellcasting Skills
   attack spells      [Unskilled]
   matter spells      [Unskilled]

Voluntary challenges:
 Character rerolling was not enabled.
 You never genocided any monsters.
 You never polymorphed an object.
 You never changed form.
 You used 1 wish.
 You did not wish for any artifacts.
 You did not violate any of the special Sokoban rules.
Achievements:
 You entered a shop.
 You entered the Gnomish Mines.
 You attained the rank of Aborigine.
 You entered Minetown.
 You entered a temple.
 You attained the rank of Wanderer.
 You entered Sokoban.

 The Dungeons of Doom: levels 1 to 7
    Level 1:
    Level 2:
       A general store.
    Level 3:
       Some fountains.
       Stairs down to The Gnomish Mines.
    Level 4:
       A sink.
    Level 5:
       An altar to Anu.
    Level 6:
       Many fountains.
    Level 7: "stash"
       An altar, many fountains.
       Stairs up to Sokoban, level 6.
 The Gnomish Mines: levels 4 to 8
    Level 4:
    Level 5:
    Level 6:
    Level 7:
       A lighting shop, a temple and an altar, some fountains.
    Level 8:
 Sokoban:
    Level 6: <- You were here.
       Unsolved.
       Final resting place for
          you, killed by a mumak.


Vanquished creatures:
  a leather golem
 an iron piercer
  a dwarf mummy
  3 ogres
  a yeti
  a werewolf
  a dingo
  a housecat
  a blue jelly
  a plains centaur
  a gnome mummy
  a fire ant
  a water nymph
  a mountain nymph
 11 Uruk-hai
  a rock piercer
  a fog cloud
  a yellow light
  2 shriekers
  a violet fungus
  3 gnome leaders
  3 gnomish wizards
  2 elf zombies
  2 giant ants
  2 floating eyes
  2 kittens
  3 dwarves
  6 hill orcs
  5 rothes
  a centipede
  6 monkeys
 an orc zombie
  a dwarf zombie
  3 iguanas
  2 acid blobs
  2 coyotes
  a gas spore
  a large kobold
  a hobgoblin
  2 giant rats
  4 cave spiders
  a yellow mold
  3 red molds
 20 gnomes
  3 garter snakes
  a gnome zombie
  3 geckos
  9 jackals
  4 foxes
  2 goblins
  a sewer rat
  6 grid bugs
  4 lichens
  a kobold zombie
  7 newts
151 creatures vanquished.

No species were genocided or became extinct.

Game over:
                       ----------
                      /          \
                     /    REST    \
                    /      IN      \
                   /     PEACE      \
                  /                  \
                  |   GdeVolpiano    |
                  |      451 Au      |
                  |   killed by a    |
                  |      mumak       |
                  |                  |
                  |                  |
                  |       2026       |
                 *|     *  *  *      | *
        _________)/\\_//(\/(/\)/\//\/|_)_______

Goodbye GdeVolpiano the Cavewoman...

You died in Sokoban on dungeon level 6 with 4714 points,
and 451 pieces of gold, after 6415 moves.
You were level 7 with a maximum of 59 hit points when you died.

